 Dungeon Crawl Stone Soup version 0.18-a0-1575-g920359c (webtiles) character file.

7662 Hilldric the Cleaver (level 10, -2/82 HPs)
             Began as a Demonspawn Gladiator on Mar 16, 2016.
             Was a High Priest of Okawaru.
             Succumbed to a gnoll sergeant's poison
             ... on level 11 of the Dungeon.
             The game lasted 00:38:53 (12891 turns).

Hilldric the Cleaver (Demonspawn Gladiator)        Turns: 12891, Time: 00:38:53

Health: -2/82      AC: 21    Str: 18    XL:     10   Next: 99%
Magic:  9/14       EV: 12    Int: 17    God:    Okawaru [*****.]
Gold:   773        SH:  0    Dex: 18    Spells: 0 memorised, 9 levels left

rFire  . . .     SeeInvis .     a - +0 war axe
rCold  . . .     Gourm    .     g - +3 scale mail "Garoiwkoe" {-Cast rN+ Int+4 Dex+4}
rNeg   + . .     Faith    .     (no shield)
rPois  .         Spirit   +     E - +0 helmet
rElec  .         Dismiss  .     s - +1 cloak
rCorr  .         Reflect  .     w - +1 pair of gloves {archery}
SustAt .         Harm     .     (boots unavailable)
MR     .....     NoCast   +     (no amulet)
Stlth  ++++......               j - ring of the Octopus King {AC+1 EV+1 Str+1 Int+1 Dex+1 Stlth+}
                                z - ring of stealth

@: lethally poisoned (-2 -> -36), flying, not resistant to hostile enchantments,
stealthy
A: hooves 3, iridescent scales 1, nightstalker 2, magic shield
a: Heroism, Finesse, Renounce Religion


You were on level 11 of the Dungeon.
You worshipped Okawaru.
Okawaru was extremely pleased with you.
You were completely stuffed.

You visited 2 branches of the dungeon, and saw 12 of its levels.
You also visited: Sewer and Bailey.

You collected 773 gold pieces.

Inventory:

Hand Weapons
 a - a +0 war axe (weapon)
 D - a +0 battleaxe of venom
Missiles
 b - 2 throwing nets
 c - 31 tomahawks of returning (quivered)
 d - 3 javelins of returning
 l - 11 javelins
 o - a tomahawk of dispersal
Armour
 g - the +3 scale mail "Garoiwkoe" (worn) {-Cast rN+ Int+4 Dex+4}
   (You found it on level 8 of the Dungeon)

   It affects your intelligence (+4).
   It affects your dexterity (+4).
   It protects you from negative energy.
   It prevents spellcasting.
 s - a +1 cloak (worn)
 w - a +1 pair of gloves of archery (worn)
 E - a +0 helmet (worn)
Jewellery
 j - a ring of the Octopus King (right hand) {AC+1 EV+1 Str+1 Int+1 Dex+1 Stlth+}
   (You found it in a bailey)

   [ring of stealth]

   It affects your AC (+1).
   It affects your evasion (+1).
   It affects your strength (+1).
   It affects your intelligence (+1).
   It affects your dexterity (+1).
   It makes you more stealthy.
 t - an uncursed ring of wizardry
 v - an uncursed ring of protection from cold
 z - a ring of stealth (left hand)
Wands
 m - a wand of acid (9/15)
 r - a wand of teleportation (3/9)
 x - a wand of lightning (6/15)
 y - a wand of iceblast (10/15)
Scrolls
 e - 4 scrolls of amnesia
 h - a scroll of torment {unknown}
 H - 2 scrolls of remove curse {unknown}
Potions
 k - 3 potions of flight
 p - a potion of brilliance
 C - a potion of agility {unknown}
 G - a potion of mutation {unknown}
Miscellaneous
 u - a legendary deck of defence
 B - a plain deck of wonders
Comestibles
 f - 5 bread rations
 n - 6 beef jerkies


   Skills:
 + Level 8.8 Fighting
 - Level 11.5 Axes
 - Level 1.7 Throwing
 - Level 5.9 Armour
 - Level 2.6 Dodging
 - Level 5.3 Invocations


You had 9 spell levels left.
You didn't know any spells.

Dungeon Overview and Level Annotations

Branches:
Dungeon (11/15)            Temple (1/1) D:5             Orc (0/2) D:11
   Lair: D:8-11

Altars:
Ashenzari
Cheibriados
Dithmenos
Elyvilon
Fedhas
Gozag
Kikubaaqudgha
Makhleb
Nemelex Xobeh
Okawaru
Pakellas
Qazlal
Ru
Sif Muna
Trog
Vehumet
Xom
Yredelemnul
Zin
The Shining One

Shops:
D:9 =

Annotations:
D:10 Erolcha


Innate Abilities, Weirdness & Mutations

You have hooves in place of feet.
You are partially covered in iridescent scales (AC +4).
You are significantly more attuned to the shadows.
When hurt, damage is shared between your health and your magic reserves.


Message History

You feel sick. The gnoll sergeant barely misses you.
You finish eating.
That meat ration really hit the spot!
Eat which item? (? for menu, Esc to quit)
* * * LOW HITPOINT WARNING * * *
You feel sick. The gnoll sergeant closely misses you.
You continue eating.
* * * LOW HITPOINT WARNING * * *
You feel sick.
The gnoll sergeant hits you from afar with a spear of venom!
* * * LOW HITPOINT WARNING * * *
You are more poisoned.
You continue eating.
* * * LOW HITPOINT WARNING * * *
You feel sick.
The gnoll sergeant hits you but does no damage.
You are more poisoned.
You finish eating.
That bread ration really hit the spot!
* * * LOW HITPOINT WARNING * * *
You feel very sick.
You die...

................#
#####.#########.#
#.# #.# #.# #.#
#.# #.#
#.#########.#
C.....<...#
#########.# #@#
#.# #.# #.TO #g#
#.Kg #O# #oK. #K#
8g. #.#
#####O#####.#
#....KTO..#.#


You could see a big kobold, an ogre and a gnoll sergeant.

Vanquished Creatures
  Pikel (D:4)
  An orc knight (Bailey)
  A troll (D:10)
  A merfolk (D:9)
  3 slime creatures (D:9)
  A vampire (D:9)
  A wyvern (D:8)
  2 hungry ghosts
  Eustachio (D:4)
  A steam dragon (D:9)
  A hippogriff (D:11)
  A water moccasin (D:8)
  6 orc warriors
  2 ice beasts
  2 black bears (D:8)
  A phantom (D:8)
  2 sky beasts (D:7)
  6 ogres
  5 centaurs
  2 big kobolds
  5 giant frogs
  A gnoll sergeant (D:11)
  A wyvern zombie (D:10)
  3 scorpions
  6 killer bees
  3 wights (D:9)
  4 howler monkeys
  A jelly (D:7)
  9 crimson imps
  A giant frog zombie (D:6)
  7 hounds
  A quasit (D:9)
  2 orc priests
  2 giant frog skeletons
  Jessica (D:2)
  7 orc wizards
  5 worker ants
  2 hound zombies
  A howler monkey zombie (D:7)
  7 gnolls
  8 adders
  A river rat (Sewer)
  2 shadow imps
  An ooze (D:1)
  4 adder skeletons
  3 worms (D:2)
  6 dart slugs
  4 giant geckos (D:4)
  19 orcs
  2 ball pythons
  5 giant cockroaches
  11 goblins
  9 hobgoblins
  6 jackals
  6 quokkas
  9 bats
  6 giant newts
  A jackal zombie (D:7)
  30 kobolds
  A quokka skeleton (D:4)
  6 rats
250 creatures vanquished.

Vanquished Creatures (others)
  A giant frog (D:9)
  An adder (D:4)
  11 plants (D:11)
13 creatures vanquished.

Grand Total: 263 creatures vanquished

Notes
Turn   | Place    | Note
--------------------------------------------------------------
     0 | D:1      | Hilldric the Demonspawn Gladiator began the quest for the Orb.
     0 | D:1      | Reached XP level 1. HP: 16/16 MP: 1/1
   324 | D:1      | Gained mutation: When hurt, damage is shared between your health and your magic reserves. [demonic ancestry]
   324 | D:1      | Reached XP level 2. HP: 23/23 MP: 2/2
   627 | D:1      | You fall through a shaft!
   693 | D:1      | Gained mutation: You are partially covered in iridescent scales (AC +4). [demonic ancestry]
   693 | D:1      | Reached XP level 3. HP: 26/29 MP: 3/3
  1476 | D:2      | Gained mutation: You are slightly more attuned to the shadows. [demonic ancestry]
  1476 | D:2      | Reached XP level 4. HP: 33/37 MP: 4/4
  1800 | D:2      | Noticed Jessica
  1810 | D:2      | Killed Jessica
  1810 | D:2      | Reached skill level 5 in Fighting
  2419 | D:3      | Found a sacrificial altar of Ru.
  2432 | D:3      | Gained mutation: You are significantly more attuned to the shadows. [demonic ancestry]
  2432 | D:3      | Reached XP level 5. HP: 39/44 MP: 5/5
  2458 | D:3      | Reached skill level 3 in Axes
  2826 | D:3      | Reached skill level 1 in Armour
  3213 | D:3      | Reached XP level 6. HP: 39/51 MP: 6/6
  3523 | D:4      | Reached skill level 4 in Axes
  3670 | D:4      | Noticed Eustachio
  3826 | D:4      | Found a glowing drain.
  3834 | Sewer    | Entered a sewer
  4024 | Sewer    | Found a white marble altar of Elyvilon.
  4245 | D:4      | Reached XP level 7. HP: 50/56 MP: 7/7
  4363 | D:4      | Killed Eustachio
  4363 | D:4      | Reached skill level 5 in Axes
  4566 | D:4      | Noticed Pikel
  4580 | D:4      | Killed Pikel
  4580 | D:4      | Reached skill level 6 in Axes
  4580 | D:4      | Gained mutation: You have large cloven feet. [demonic ancestry]
  4580 | D:4      | Reached XP level 8. HP: 44/62 MP: 6/8
  4689 | D:5      | Entered Level 5 of the Dungeon
  5005 | D:5      | Found a staircase to the Ecumenical Temple.
  5011 | Temple   | Entered the Ecumenical Temple
  5151 | Temple   | Became a worshipper of Warmaster Okawaru
  5450 | D:5      | Reached skill level 5 in Armour
  5711 | D:5      | Found a stormy altar of Qazlal.
  6293 | D:6      | Reached skill level 1 in Invocations
  6540 | D:6      | Found an opulent altar of Gozag.
  7037 | D:6      | Reached * piety under Okawaru
  7037 | D:6      | Reached skill level 5 in Invocations
  7351 | D:7      | Reached skill level 7 in Axes
  7430 | D:7      | Found a white marble altar of Elyvilon.
  7590 | D:7      | Gained mutation: You have hoof-like feet. [demonic ancestry]
  7590 | D:7      | Reached XP level 9. HP: 68/68 MP: 13/13
  7795 | D:7      | Reached ** piety under Okawaru
  7795 | D:7      | Reached skill level 8 in Axes
  7927 | D:7      | Gained mutation: Your mind is acute. (Int +2) [mutagenic meat]
  7928 | D:7      | Gained mutation: You evolve. [mutagenic meat]
  7929 | D:7      | Gained mutation: Armour fits poorly on your strangely shaped body. [mutagenic meat]
  7930 | D:7      | Gained mutation: Your natural rate of healing is unusually fast. [mutagenic meat]
  7931 | D:7      | Lost mutation: Your mind is acute. (Int +2) [mutagenic meat]
  7932 | D:7      | Gained mutation: You are dopey. (Int -2) [mutagenic meat]
  8142 | D:8      | Found a bloodstained altar of Trog.
  8171 | D:8      | Reached skill level 9 in Axes
  8295 | D:8      | Found a deep blue altar of Sif Muna.
  8703 | D:8      | Reached *** piety under Okawaru
  8712 | D:8      | Reached skill level 10 in Axes
  8766 | D:8      | Got a bloodstained scale mail
  8777 | D:8      | Identified the +3 scale mail "Garoiwkoe" {-Cast rN+ Int+4 Dex+4} (You found it on level 8 of the Dungeon)
  8882 | D:8      | Gained mutation: You are weak. (Str -2) [evolution]
  8927 | D:8      | Gained mutation: You have hooves in place of feet. [potion of beneficial mutation]
  8928 | D:8      | Lost mutation: Armour fits poorly on your strangely shaped body. [potion of cure mutation]
  8928 | D:8      | Lost mutation: You evolve. [potion of cure mutation]
  8928 | D:8      | Lost mutation: You are dopey. (Int -2) [potion of cure mutation]
  8928 | D:8      | Lost mutation: You are weak. (Str -2) [potion of cure mutation]
  8928 | D:8      | Lost mutation: Your natural rate of healing is unusually fast. [potion of cure mutation]
  9255 | D:9      | Found a shimmering altar of Xom.
  9304 | D:9      | Found Lahoar's Jewellery Shop.
  9316 | D:9      | Reached XP level 10. HP: 72/74 MP: 14/14
  9329 | D:9      | Found a shimmering altar of Xom.
  9608 | D:8      | Reached **** piety under Okawaru
  9732 | D:9      | Reached skill level 11 in Axes
  9771 | D:9      | Found a glowing golden altar of the Shining One.
  9883 | D:9      | Found a shattered altar of Ashenzari.
  9905 | D:9      | Found a flagged portal.
  9912 | Bailey   | Entered a bailey
 10004 | Bailey   | Found a bloodstained altar of Trog.
 10005 | Bailey   | Noticed an orc knight
 10062 | Bailey   | Killed an orc knight
 10062 | Bailey   | Received a gift from Okawaru
 10186 | Bailey   | Got a ring of the Octopus King
 10188 | Bailey   | Identified a ring of the Octopus King {AC+1 EV+1 Str+1 Int+1 Dex+1 Stlth+} (You found it in a bailey)
 10272 | D:9      | Found a shadowy altar of Dithmenos.
 10272 | D:9      | Found a burning altar of Makhleb.
 10314 | D:9      | Found an oddly glowing altar of Pakellas.
 10386 | D:9      | Found an ancient bone altar of Kikubaaqudgha.
 10593 | D:10     | Entered Level 10 of the Dungeon
 10609 | D:10     | Noticed a hill giant
 10620 | D:10     | Noticed a gargoyle
 11222 | D:9      | Noticed a fire crab
 11222 | D:9      | a troll changed into a fire crab
 11606 | D:9      | Reached ***** piety under Okawaru
 11670 | D:10     | Received a gift from Okawaru
 11671 | D:10     | Noticed Erolcha
 12249 | D:11     | Noticed a hill giant
 12646 | D:11     | Noticed a hill giant
 12828 | D:11     | Found a staircase to the Orcish Mines.
 12890 | D:11     | HP: 1/82 [poisoned by a gnoll sergeant]
 12891 | D:11     | Succumbed to a gnoll sergeant's poison

Vault maps used:
D:1:      lemuel_arrival_behind_the_door_small, st_stairs_2,
          minmay_misc_feat_four_crosses
D:2:      wad_woods_settlement, serial_forest, infiniplex_forest_lined_2,
          infiniplex_forest_straight_2, infiniplex_forest_lined_ring,
          infiniplex_forest_clump_small, infiniplex_forest_lined_3_way,
          infiniplex_forest_clump_double, infiniplex_forest_clump_tiny,
          kennysheep_generic_room_2, uniq_jessica
D:3:      nicolae_ru_great_annihilating_truth
D:4:      portal_sewer_entry_f, uniq_eustachio, uniq_pikel
D:5:      lemuel_crystal_altar, minmay_temple_entry_hall, first_bread,
          grunt_ministairs_7, uniq_blork_the_orc
D:6:      grunt_gozag_statues
D:7:      lemuel_crystal_altar
D:8:      boulder_indie, kennysheep_mini, trog_ov_bears_minmay
D:9:      nicolae_tso_carved_into_rock, kiku_gazebo_pond_becter,
          grunt_temple_overflow_open, gammafunk_temple_overflow_elements,
          serial_shops, shop, basic_altar, enter_bailey_3, hangedman_fish_farm
D:10:     uniq_erolcha
D:11:     david_lair_shrubbed, kennysheep_orc_monster_closet_entryway,
          basic_altar
Temple:   jpeg_temple_alley_garden_8
Sewer:    sewer_kobolds
Bailey:   bailey_axe_3, bailey

Skill      XL: |  1  2  3  4  5  6  7  8  9 10 |
---------------+-------------------------------+-----
Fighting       | 3 4 5 8 |  8.8
Axes           | 3 4 6 7 10 11 | 11.5
Armour         | 1 3 4 5 |  5.9
Invocations    | 5 |  5.3
Throwing       | |  1.7
Dodging        | |  2.6

Action                   |  1- 3 |  4- 6 |  7- 9 | 10-12 || total
-------------------------+-------+-------+-------+-------++-------
Melee: War axe           |   109 |   289 |   518 |   334 ||  1250
Throw: Throwing net      |       |       |     1 |     3 ||     4
       Tomahawk          |       |       |       |     2 ||     2
Evoke: Wand              |       |       |     2 |       ||     2
  Use: Scroll            |       |    14 |     8 |     7 ||    29
       Potion            |       |       |    10 |    16 ||    26
 Stab: Sleeping          |       |    10 |    18 |     3 ||    31
       Paralysed         |       |     2 |       |       ||     2
       Held in net/web   |       |       |     1 |       ||     1
       Distracted        |       |       |       |     1 ||     1
  Eat: Bread ration      |     2 |     1 |     4 |     1 ||     8
       Meat ration       |       |       |     1 |     4 ||     5
       Chunk             |       |       |     6 |     3 ||     9
       Pizza             |       |       |     1 |       ||     1
